 Dungeon Crawl Stone Soup version 0.28-a0-622-gbaef9634d7 (webtiles) character file.

Game seed: 17346514736677742567

7 ytrimaz the Skirmisher (level 1, 22/22 HPs)
             Began as a Troll Abyssal Knight on Oct 7, 2021.
             Was an Initiate of Lugonu.
             Quit the game on level 1 of the Dungeon.
             The game lasted 00:01:04 (416 turns).

ytrimaz the Skirmisher (Troll Abyssal Knight)        Turns: 416, Time: 00:01:04

Health: 22/22      AC:  4    Str: 20    XL:     1   Next: 83%
Magic:  1/1        EV: 10    Int:  6    God:    Lugonu [......]
Gold:   8          SH:  0    Dex: 16    Spells: 0/0 levels left

rFire   . . .      SeeInvis .     - Unarmed
rCold   . . .      Faith    .   (no shield)
rNeg    . . .      Spirit   .   a - +0 robe
rPois   .          Reflect  .   (helmet restricted)
rElec   .          Harm     .   (no cloak)
rCorr   .          Rampage  .   (gloves unavailable)
Will    .....                   (boots unavailable)
Stlth   +.........              (no amulet)
HPRegen 1.07/turn               e - +6 ring of dexterity
MPRegen 0.07/turn               (no ring)

@: no status effects
A: large, unfitting armour, claws 3, regeneration 1, shaggy fur 1, tough skin 1
a: Renounce Religion


You were on level 1 of the Dungeon.
You worshipped Lugonu.
Lugonu was noncommittal.
You visited 1 branch of the dungeon, and saw 1 of its levels.
You visited the Abyss 1 time.

You collected 8 gold pieces.

Inventory:

Armour
 a - a +0 robe (worn)
Jewellery
 e - a +6 ring of dexterity (left claw)
Scrolls
 b - 3 scrolls of immolation {unknown}
Potions
 c - a potion of curing {unknown}
 d - a potion of heal wounds {unknown}
 f - a potion of attraction {unknown}


   Skills:
 * Level 2.7 Fighting
 + Level 2.0 Dodging
 + Level 2.0 Unarmed Combat
 + Level 1.5 Invocations


You couldn't memorise any spells.
You didn't know any spells.
Your spell library was empty.

Dungeon Overview and Level Annotations

Branches:
Dungeon (1/15)

Altars:


Innate Abilities, Weirdness & Mutations

You are too large for most types of armour.
You have claws for hands.
Your natural rate of healing is unusually fast.
You are covered in fur. (AC +1)
You have tough skin. (AC +1)


Message History

You are frozen.
You barely miss the endoplasm. You claw the endoplasm.
The endoplasm is almost dead.
The endoplasm freezes you.
You are frozen.
You barely miss the endoplasm.
The endoplasm is almost dead.
The endoplasm freezes you.
You are frozen.
You claw the endoplasm!
You kill the endoplasm!
Lugonu accepts your kill.
HP restored.
b - 3 scrolls labelled WESKUF ZAOLU (gained 1) As you open the door, it creaks loudly!
There is an open door here.
An endoplasm comes into view.
The endoplasm quivers.
An endoplasm is nearby!
An endoplasm is nearby!
An endoplasm is nearby!
Found a mace.
You scratch the endoplasm.
The endoplasm is heavily wounded.
The endoplasm freezes you.
You are frozen.
You claw the endoplasm!
You kill the endoplasm!
Lugonu accepts your kill.
A rat comes into view.
The rat moves out of view.
A rat is nearby!
Unknown command.
Found a club.
The rat barely misses you.
You scratch the rat.
You kill the rat!
Lugonu accepts your kill.
Are you sure you want to abandon this character and quit the game? (Confirm with "yes".)
Okay, then.
Are you sure you want to abandon this character and quit the game? (Confirm with "yes".)

# # ### #########
#.# ........#
#.### ........###
###...#
........... ......
........#.#####..#
#...##...........#
#...##.##.#.....@#
##..##.#....##)..#
##.##.#....##...#
###..#.......)...#
............###..#
####..#.#..## #..#
# #.#.#.#..# #...
# #.#.#.#..# #^...
###.#...#...


There were no monsters in sight!

Vanquished Creatures
  2 endoplasms (D:1)
  A hobgoblin (D:1)
  2 ball pythons (D:1)
  2 rats (D:1)
7 creatures vanquished.

Notes
Turn   | Place    | Note
-------+----------+-------------------------------------------
     0 | Abyss:1  | ytrimaz the Troll Abyssal Knight began the quest for the
                  | Orb.
     0 | Abyss:1  | Reached XP level 1. HP: 22/22 MP: 1/1
    51 | Abyss:1  | Noticed a smoke demon
    57 | D:1      | Escaped the Abyss
   194 | D:1      | Found a faded altar of an unknown god.
   416 | D:1      | Quit the game

Illustrated notes

Levels and vault maps discovered:
D:1:      sevenhm_arrival_forest_fort_small_4, layout_basic,
          ebering_ecumenical_altar_hall, interstate_on_off

Skill      XL: |  1 |
---------------+----+-----
Dodging        | 2 |  2.0
Fighting       | |  2.7
Unarmed Combat | |  2.0
Invocations    | |  1.5

Action                   || total
-------------------------++-------
Melee: Unarmed           ||    14
       Punch             ||     1
Invok: Depart the Abyss  ||     1
Armor: Robe              ||     1
Dodge: Dodged            ||     5

Table legend: (Time is in decaauts)
 A = Elapsed time spent in this place.
 B = Non-inter-level travel time spent in this place.
 C = Inter-level travel time spent in this place.
 D = Time resting spent in this place.
 E = Time spent auto-exploring this place.
 F = Levels seen in this place.
 G = Mean time per level.
                   A        B        C        D        E       F      G
               +--------+--------+--------+--------+--------+-----+--------+
         Total |    419 |    419 |      0 |    114 |    207 |   2 |  209.5 |
       Dungeon |    362 |    362 |      0 |    114 |    157 |   1 |  362.0 |
         Abyss |     57 |     57 |      0 |      0 |     50 |   1 |   57.0 |
               +--------+--------+--------+--------+--------+-----+--------+

Top non-repeatable levels by time:
     D:1: 362 daAuts
 Abyss:1: 57 daAuts
